 Dungeon Crawl Stone Soup version 0.31-a0-217-g58bb5d79cf (webtiles) character file.

Game seed: 13084866439294604622

112 qw the Shooter (level 4, -2/26 HPs)
             Began as a Gargoyle Hexslinger on July 2, 2023.
             Slain by a cerulean imp
             ... wielding a +3 spear
             ... summoned by Natasha
              (4 damage)
             ... on level 2 of the Dungeon.
             The game lasted 00:00:42 (1814 turns).

qw the Shooter (Gargoyle Hexslinger)                Turns: 1814, Time: 00:00:43

Health: -2/26      AC:  7    Str: 17    XL:     4   Next: 95%
Magic:  5/5        EV: 11    Int: 14    God:
Gold:   77         SH:  0    Dex: 14    Spells: 4/5 levels left

rFire   . . .        Y - +1 sling
rCold   . . .        (no shield)
rNeg    + . .        h - +0 leather armour
rPois   inf          (no helmet)
rElec   +            (no cloak)
rCorr   .            (no gloves)
SInv    .            g - +0 pair of boots
Will    .....        (no amulet)
Stlth   +            d - +6 ring of strength
HPRegen 0.24/turn    (no ring)
MPRegen 0.09/turn

%: no passive effects
@: about to teleport, slowed, very slow
A: sickness immunity, AC +3, negative energy resistance 1, electricity
resistance, torment resistance 1, petrification resistance
a: no special abilities


You were on level 2 of the Dungeon.
You visited 1 branch of the dungeon, and saw 2 of its levels.

You collected 77 gold pieces.


Innate Abilities, Weirdness & Mutations

You are immune to sickness and miasma.
Your stone body is resilient. (AC +3)
You are immune to poison.
You resist negative energy. (rN+)
You are resistant to electric shocks. (rElec)
You are resistant to unholy torment.
You are immune to petrification.


   Skills:
 - Level 2.0 Fighting
 + Level 4.6 Ranged Weapons
 - Level 1.5 Dodging
 - Level 1.0 Spellcasting
 - Level 2.6 Hexes


You had 4 spell levels left.
You knew the following spells:

 Your Spells              Type           Power      Damage    Failure   Level
a - Slow                  Hex            32%        N/A       11%         1

Your spell library contained the following spells:

 Spells                   Type           Power      Damage    Failure   Level
 Inner Flame              Hex/Fire       4%         N/A       50%         3
 Portal Projectile        Hex/Tloc       8%         N/A       50%         3
 Cause Fear               Hex            4%         N/A       71%         4

Inventory:

Hand Weapons
 Y - a +1 sling (weapon)
Armour
 b - a +0 helmet
 g - a +0 pair of boots (worn)
 h - a +0 leather armour (worn)
 i - a +0 pair of gloves
Jewellery
 d - a +6 ring of strength (left hand)
 m - a +6 ring of dexterity
Scrolls
 c - a scroll of silence {unknown}
 l - a scroll of fog {unknown}
Potions
 e - a potion of resistance {unknown}
 f - a potion of mutation {unknown}
 j - a potion of lignification {unknown}
 k - a potion of berserk rage {unknown}
 n - a potion of curing {unknown}
 o - a potion of magic {unknown}

Dungeon Overview and Level Annotations

Branches:
Dungeon (2/15)

Altars:

Annotations:
D:2 Natasha


Message History

Natasha is moderately wounded.
Natasha casts a spell at you.
You feel yourself slow down.
You shoot a sling bullet. The sling bullet hits Natasha.
Natasha is severely wounded.
You shoot a sling bullet.
The sling bullet closely misses Natasha.
You shoot a sling bullet.
The sling bullet hits Natasha but does no damage.
Natasha is severely wounded.
Natasha barely misses you. Natasha claws you.
You shoot a sling bullet.
The sling bullet closely misses Natasha.
Natasha claws you! Natasha misses you.
You shoot a sling bullet. The sling bullet misses Natasha.
Natasha closely misses you. Natasha barely misses you.
You shoot a sling bullet. The sling bullet barely misses Natasha.
Natasha misses you.
You shoot a sling bullet.
The sling bullet closely misses Natasha.
Natasha stares at you and mumbles some strange words.
You resist with some effort. Natasha closely misses you.
You shoot a sling bullet.
The sling bullet closely misses Natasha.
Natasha claws you. Natasha completely misses you.
You shoot a sling bullet. The sling bullet hits Natasha.
Natasha is almost dead.
Natasha claws you!
Natasha mumbles some strange words.
You shoot a sling bullet.
The sling bullet closely misses Natasha.
Natasha mumbles some strange words.
Natasha stares at you and mumbles some strange words.
The magic dart hits you. The cerulean imp closely misses you.
1814 ||| READING scroll of teleportation.
As you read the scroll of teleportation, it crumbles to dust.
You feel strangely unstable. Natasha closely misses you.
The cerulean imp hits you from afar with a +3 spear.
You die...

###### #....# ## #.##.#
#. #.##.# #.
########.##.# #.
#...)....##.# #####.
#.#########.# #...%. ###
#.#
#######@###########.###.
..####.#
#....5h#.............##%
.......#
#.#####.####.####.....%.
#.###### #.# ### #.#
##|..### #.########.#
########.######.##
#..........#
#.......#.......#
############
#.######.######## # #.#
#.# # #.# #[#


You could see Natasha and a cerulean imp (summoned).

Vanquished Creatures
  Natasha (D:2)
  4 adders (D:2)
  3 dart slugs
  5 ball pythons
  An endoplasm (D:1)
  A giant cockroach (D:1)
  5 goblins
  3 hobgoblins
  2 jackals (D:2)
  5 quokkas
  6 bats
  A frilled lizard (D:1)
  2 kobolds (D:1)
  5 rats
44 creatures vanquished.

Notes
Turn   | Place    | Note
-------+----------+-------------------------------------------
     0 | D:1      | qw the Gargoyle Hexslinger began the quest for the Orb.
     0 | D:1      | Reached XP level 1. HP: 12/12 MP: 2/2
     0 | D:1      | 0 ||| qw: Version: 0.3-a-40-ge99b1a8
     0 | D:1      | 0 ||| qw: Game counter: 237
     0 | D:1      | 0 ||| qw: Melee chars always use a shield: true
     0 | D:1      | 0 ||| qw: God list: Okawaru
     0 | D:1      | 0 ||| qw: Allow faded altars: false
     0 | D:1      | 0 ||| qw: Do Orc after clearing Dungeon:15 true
     0 | D:1      | 0 ||| qw: Do second Lair branch before Depths: true
     0 | D:1      | 0 ||| qw: Lair rune preference: random
     0 | D:1      | 0 ||| qw: Goals: Normal
     0 | D:1      | 0 ||| PLANNING D:1-11
    77 | D:1      | You fall into a shaft and drop 1 floor!
   116 | D:2      | Reached XP level 2. HP: 12/16 MP: 3/3
   201 | D:2      | Reached skill level 3 in Ranged Weapons
   231 | D:2      | Reached XP level 3. HP: 19/21 MP: 4/4
   254 | D:2      | 254 ||| FLEEEEING.
   255 | D:2      | 255 ||| FLEEEEING.
   258 | D:2      | 258 ||| FLEEEEING.
   260 | D:2      | 260 ||| FLEEEEING.
   262 | D:2      | 262 ||| STAIRDANCE
   585 | D:1      | Found a faded altar of an unknown god.
  1289 | D:1      | 1289 ||| UPGRADING to +0 pair of boots.
  1294 | D:1      | 1294 ||| UPGRADING to +0 leather armour.
  1304 | D:1      | 1304 ||| DROPPING +0 robe.
  1305 | D:1      | 1305 ||| UPGRADING to +6 ring of strength.
  1306 | D:1      | 1306 ||| READING 2 scrolls labelled WITHRY XIULOSU.
  1311 | D:1      | 1311 ||| READING scroll labelled COPOER WUAPITSEEC.
  1312 | D:1      | 1312 ||| READING scroll labelled UTEARA OMNAW.
  1327 | D:1      | 1327 ||| DROPPING scroll of poison.
  1586 | D:2      | Reached skill level 4 in Ranged Weapons
  1586 | D:2      | Reached XP level 4. HP: 25/26 MP: 5/5
  1633 | D:2      | Noticed Natasha
  1640 | D:2      | Killed Natasha
  1802 | D:2      | Noticed Natasha
  1813 | D:2      | HP: 1/26 [Natasha/magic dart (6)]
  1814 | D:2      | 1814 ||| READING scroll of teleportation.
  1814 | D:2      | Slain by a cerulean imp

Levels and vault maps discovered:
D:1:      dpeg_arrival_shrine, layout_basic, hellmonk_ecumenical_altar_blasted,
          glass_columns_a
D:2:      layout_loops_ring, minmay_cupped, uniq_natasha

Skill      XL: |  1  2  3 |
---------------+----------+-----
Ranged Weapons | 3 4 |  4.6
Fighting       | 2 |  2.0
Dodging        | |  1.5
Spellcasting   | |  1.0
Hexes          | |  2.6

Action                     |  1- 3 |  4- 6 || total
---------------------------+-------+-------++-------
   Fire: Sling             |   118 |    55 ||   173
    Use: Scroll            |     3 |     1 ||     4
 Armour: Robe              |    16 |       ||    16
         Leather armour    |     4 |    14 ||    18
  Dodge: Dodged            |    35 |    33 ||    68

Table legend:
 A = Non-vault XP
 B = Vault XP
 C = Vault XP percentage of total XP
 D = Non-vault monster count
 E = Vault monster count
 F = Vault count percentage of total count
                 A         B        C        D         E       F
            +---------+---------+-------+---------+---------+-------
      Total |      92 |      69 |  42.9 |      38 |       6 |  13.6
            +---------+---------+-------+---------+---------+-------
        D:1 |      38 |       0 |   0.0 |      21 |       0 |   0.0
        D:2 |      54 |      69 |  56.1 |      17 |       6 |  26.1
            +---------+---------+-------+---------+---------+-------
